 Dungeon Sprint DCSS version 0.17-a0-1368-g6ab37f2 (webtiles) character file.

826 Kidiri the Covert (level 7, -7/32 HPs)
             Began as a Spriggan Enchanter on June 11, 2015.
             Was a Follower of Dithmenos.
             Mangled by a queen bee (16 damage)
             ... in the Dungeon (Sprint IV: "Fedhas' Mad Dash").
             The game lasted 00:08:13 (1674 turns).

Kidiri the Covert (Spriggan Enchanter)              Turns: 1674, Time: 00:08:13

Health: -7/32      AC:  4    Str:  4    XL:     7   Next: 64%
Magic:  26/30      EV: 24    Int: 20    God:    Dithmenos [*.....]
Gold:   34         SH:  0    Dex: 18    Spells: 5 memorised, 13 levels left

rFire  . . .     SeeInvis +     d - +3 mace "Deq Ome" {vamp, MP+9 Int+3} (curse)
rCold  . . .     Clarity  .     b - +2 robe
rNeg   . . .     SustAt   .     (shield restricted)
rPois  .         Gourm    .     (helmet restricted)
rElec  .         Spirit   .     (no cloak)
rCorr  .         Warding  .     (gloves unavailable)
rMut   .         NoTele   +     (boots unavailable)
MR     +....                    (no amulet)
Stlth  +++++++...               (no ring)
                                k - ring of invisibility (curse)

@: very slightly contaminated, wreathed by umbra, invisible, very quick,
somewhat resistant to hostile enchantments, extremely stealthy
A: unfitting armour, see invisible, herbivore 3, speed 3, screaming 1, slow
metabolism 2
a: Renounce Religion, Turn Visible


You were in the Dungeon.
You worshipped Dithmenos.
Dithmenos was aware of your devotion.
You were not hungry.

You visited 1 branch You collected 139 gold pieces.
You spent 105 gold pieces at shops.

Inventory:

Hand weapons
 a - a +1 dagger
 d - the cursed +3 mace "Deq Ome" (weapon) {vamp, MP+9 Int+3}
   (You found it in the Dungeon)

   It inflicts no extra harm, but heals its wielder somewhat when it strikes a
   living foe.
   It affects your intelligence (+3).
   It affects your magic capacity (+9).
   It has a curse placed upon it.
 e - a +0 rapier
Armour
 b - a +2 robe (worn)
Jewellery
 k - a cursed ring of invisibility (left hand)
Scrolls
 n - a scroll of amnesia
Potions
 f - a potion of curing
 g - a potion of haste
 h - 2 potions of magic
 i - a potion of berserk rage
 l - a potion of ambrosia
Books
 c - a book of Maledictions

   Spells                             Type                      Level
   a - Corona                         Hexes                        1
   b - Ensorcelled Hibernation        Hexes/Ice                    2
   c - Confuse                        Hexes                        3
   d - Tukima's Dance                 Hexes                        3
   e - Dazzling Spray                 Conjuration/Hexes            3


   Skills:
 + Level 5.9 Short Blades
 + Level 8.3 Dodging
 * Level 12.3 Stealth
 * Level 9.6 Spellcasting
 + Level 3.1 Conjurations
 + Level 7.3 Hexes
 + Level 3.9 Ice Magic
 + Level 3.5 Invocations
 + Level 5.9 Evocations


You had 13 spell levels left.
You knew the following spells:

 Your Spells              Type           Power        Failure   Level  Hunger
a - Corona                Hex            #####..      1%          1    None
b - Ensorcelled Hibernat  Hex/Ice        ####..       1%          2    None
c - Confuse               Hex            #####...     1%          3    None
d - Tukima's Dance        Hex            #####...     1%          3    None
e - Dazzling Spray        Conj/Hex       ####....     2%          3    None


Dungeon Overview and Level Annotations

Branches:
Dungeon (1/1)

Altars:
Cheibriados
Dithmenos
Elyvilon
Gozag
Kikubaaqudgha
Makhleb
Nemelex Xobeh
Okawaru
Qazlal
Ru
Sif Muna
Trog
Vehumet
Xom
Yredelemnul
Zin
The Shining One
Beogh
Jiyva
Lugonu

Shops:
D (=(*


Innate Abilities, Weirdness & Mutations

You are tiny and cannot use many weapons and most armour.
You have supernaturally acute eyesight.
You are a herbivore.
You cover ground extremely quickly.
You need consume almost no food.
You occasionally shout uncontrollably at your foes.


Message History

The killer bee completely misses you. The queen bee completely misses you.
The killer bee completely misses you.
You miss the killer bee.
The killer bee is almost dead.
The killer bee completely misses you. x3
The killer bee misses you. x2
The queen bee misses you. The killer bee barely misses you.
The killer bee completely misses you.
Unknown command.
You miss the killer bee.
The killer bee is almost dead.
The killer bee closely misses you. The killer bee completely misses you.
The killer bee misses you. x2
The killer bee completely misses you. The queen bee closely misses you.
The killer bee stings you!
* * * LOW HITPOINT WARNING * * *
The killer bee completely misses you. x2
The queen bee stings you!
Ouch! That really hurt!
You die...

####################
#<..P#.....#.....#.⌠
#.P..'.....'.#...'._
#PP.P#.....#.#...#_.
###############'##._
#.y@♣........'...#.⌠
#%yyy..♣.....#...###
#.....♣..♣..######**
##+####+#####*,,+,,,
*,,*,,,,+,,,,,,,**,,
*,,*,,***,,,,,,,*,**
********************
*,,,,,,,,,,,,,,,,,,,
*∩,,,,,,,,,,,,,,,,,,


You could see a queen bee and 3 killer bees.

Vanquished Creatures
  A burning bush (D)
  2 wandering mushrooms (D)
  2 scorpions (D)
  A killer bee (D)
  4 oklob saplings (D)
  A worker ant (D)
  2 spriggans (D)
  A river rat (D)
  A rat (D)
15 creatures vanquished.

Vanquished Creatures (others)
  2 fungi (D)
2 creatures vanquished.

Grand Total: 17 creatures vanquished

Notes
Turn   | Place    | Note
--------------------------------------------------------------
     0 | D        | Kidiri the Spriggan Enchanter began the quest for the Orb.
     0 | D        | Reached XP level 1. HP: 9/9 MP: 5/5
   457 | D        | Noticed an oklob sapling
   459 | D        | Killed an oklob sapling
   459 | D        | Reached skill level 6 in Stealth
   459 | D        | Reached XP level 2. HP: 13/13 MP: 5/8
   465 | D        | Learned a level 2 spell: Ensorcelled Hibernation
   492 | D        | Reached XP level 3. HP: 16/16 MP: 7/10
   541 | D        | Learned a level 3 spell: Confuse
   545 | D        | Learned a level 3 spell: Tukima's Dance
   547 | D        | Noticed a worker ant
   549 | D        | Killed a worker ant
   549 | D        | Reached skill level 7 in Stealth
   549 | D        | Reached skill level 5 in Spellcasting
   549 | D        | Reached skill level 1 in Ice Magic
   669 | D        | Noticed an oklob sapling
   680 | D        | Killed an oklob sapling
   680 | D        | Reached skill level 5 in Dodging
   680 | D        | Reached skill level 8 in Stealth
   680 | D        | Reached skill level 5 in Hexes
   680 | D        | Reached skill level 1 in Evocations
   680 | D        | Reached XP level 4. HP: 21/21 MP: 8/12
   685 | D        | Learned a level 3 spell: Dazzling Spray
   826 | D        | Found a snail-covered altar of Cheibriados.
   826 | D        | Found a glowing silver altar of Zin.
   826 | D        | Found a white marble altar of Elyvilon.
   826 | D        | Found a viscous altar of Jiyva.
   826 | D        | Found a radiant altar of Vehumet.
   826 | D        | Found a deep blue altar of Sif Muna.
   826 | D        | Found an ancient bone altar of Kikubaaqudgha.
   826 | D        | Found a bloodstained altar of Trog.
   826 | D        | Found a corrupted altar of Lugonu.
   826 | D        | Noticed an oklob sapling priest
   827 | D        | Found a burning altar of Makhleb.
   827 | D        | Found a sacrificial altar of Ru.
   828 | D        | Found a sparkling altar of Nemelex Xobeh.
   828 | D        | Found a glowing golden altar of the Shining One.
   829 | D        | Found a shadowy altar of Dithmenos.
   830 | D        | Found a shimmering altar of Xom.
   830 | D        | Found an iron altar of Okawaru.
   831 | D        | Found an opulent altar of Gozag.
   832 | D        | Found a roughly hewn altar of Beogh.
   832 | D        | Found a basalt altar of Yredelemnul.
   833 | D        | Killed an oklob sapling priest
   833 | D        | Reached skill level 9 in Stealth
   833 | D        | Reached XP level 5. HP: 24/24 MP: 10/14
   836 | D        | Found a stormy altar of Qazlal.
   844 | D        | Became a worshipper of Dithmenos the Shadowed
   849 | D        | Noticed an oklob sapling wizard
   852 | D        | Killed an oklob sapling wizard
   852 | D        | Reached skill level 1 in Conjurations
   879 | D        | Noticed a scorpion
   923 | D        | Reached skill level 1 in Invocations
   930 | D        | Gained mutation: You occasionally shout uncontrollably at your foes. [mutagenic glow]
  1043 | D        | Killed a scorpion
  1043 | D        | Reached skill level 10 in Stealth
  1097 | D        | Found Zano's Jewellery Shop.
  1097 | D        | Found Liotorch's Antique Weapon Emporium.
  1102 | D        | Noticed a burning bush
  1102 | D        | Noticed a wandering mushroom
  1103 | D        | Noticed a scorpion
  1103 | D        | Noticed a wandering mushroom
  1118 | D        | Killed a burning bush
  1118 | D        | Reached skill level 5 in Short Blades
  1118 | D        | Reached skill level 11 in Stealth
  1118 | D        | Reached XP level 6. HP: 17/28 MP: 12/18
  1120 | D        | Killed a scorpion
  1120 | D        | Reached skill level 5 in Evocations
  1120 | D        | Reached XP level 7. HP: 19/32 MP: 10/20
  1121 | D        | HP: 1/32 [wandering mushroom (10)]
  1448 | D        | Killed a wandering mushroom
  1458 | D        | Killed a wandering mushroom
  1458 | D        | Reached skill level 12 in Stealth
  1460 | D        | Got a steaming mace
  1461 | D        | Identified the cursed +3 mace "Deq Ome" {vamp, MP+9 Int+3} (You found it in the Dungeon)
  1594 | D        | Found Lenoas's Assorted Antiques.
  1594 | D        | Found Jyemp's Weapon Shoppe.
  1602 | D        | Bought a potion of curing for 45 gold pieces
  1602 | D        | Bought a scroll labeled IMMOHU OCEPYA for 15 gold pieces
  1602 | D        | Bought a scroll labeled SETYICI YRGHEW for 15 gold pieces
  1602 | D        | Bought a scroll labeled XETHEKHEPNE for 15 gold pieces
  1602 | D        | Bought a scroll labeled DUWKOA HAUMY for 15 gold pieces
  1658 | D        | Noticed a queen bee
  1658 | D        | Noticed a killer bee
  1659 | D        | Noticed a killer bee
  1662 | D        | Noticed a killer bee
  1662 | D        | Noticed a killer bee
  1671 | D        | Killed a killer bee
  1674 | D        | Mangled by a queen bee

Vault maps used:
D:        dungeon_sprint_fedhas

Action                   |  1- 3 |  4- 6 |  7- 9 || total
-------------------------+-------+-------+-------++-------
Melee: Dagger            |    11 |    13 |       ||    24
       Rapier            |       |     7 |    15 ||    22
       Mace              |       |       |     7 ||     7
 Cast: Corona            |     2 |       |       ||     2
       Ensorcelled Hiber |     2 |     3 |     2 ||     7
       Confuse           |       |     4 |     5 ||     9
       Dazzling Spray    |       |     3 |     3 ||     6
 Abil: Evoke Invisibilit |     1 |     3 |     1 ||     5
  Use: Scroll            |     1 |       |     6 ||     7
       Potion            |       |     2 |       ||     2
 Stab: Sleeping          |     4 |     3 |     2 ||     9
       Invisible         |     1 |     1 |       ||     2
       Confused          |       |     3 |     2 ||     5
  Eat: Bread ration      |       |       |     1 ||     1
